 Dungeon Crawl Stone Soup version 0.25-a0-699-g25a338df49 (webtiles) character file.

Game seed: 10433706825228531320, levelgen mode: deterministic

200 M4edhros the Sneak (level 5, -2/33 HPs)
             Began as an Octopode Artificer on Apr 2, 2020.
             Slain by an orc wizard
             ... wielding a +0 dagger
              (5 damage)
             ... on level 3 of the Dungeon.
             The game lasted 00:03:23 (1240 turns).

M4edhros the Sneak (Octopode Artificer)             Turns: 1240, Time: 00:03:24

Health: -2/33      AC:  1    Str: 11    XL:     5   Next: 79%
Magic:  8/8        EV: 14    Int: 13    God:
Gold:   70         SH:  0    Dex: 14    Spells: 4/4 levels left

rFire    . . .     SeeInvis .   a - +0 short sword
rCold    . . .     Gourm    .   (no shield)
rNeg     . . .     Faith    .   (helmet restricted)
rPois    .         Spirit   .   (no amulet)
rElec    .         Reflect  .   (no ring)
rCorr    .         Harm     .   (no ring)
MR       .....                  (no ring)
Stlth    ++++......             (no ring)
HPRegen  0.11/turn              (no ring)
MPRegen  0.11/turn              (no ring)
                                (no ring)
                                (no ring)

@: no status effects
A: almost no armour, stealthy swim, amphibious, 8 rings, constrict 8, camouflage
1, gelatinous body 1
a: no special abilities


You were on level 3 of the Dungeon.
You were not hungry.

You visited 1 branch of the dungeon, and saw 3 of its levels.

You collected 70 gold pieces.

Inventory:

Hand Weapons
 a - a +0 short sword (weapon)
Wands
 b - a wand of flame (7)
 c - a wand of enslavement (11)
 d - a wand of random effects (8)
Scrolls
 e - a scroll of identify {unknown}
 g - 2 scrolls of teleportation {unknown}
 l - a scroll of noise {unknown}
 m - a scroll of remove curse {unknown}
Potions
 h - 3 potions of curing {unknown}
 i - a potion of might {unknown}
 j - 2 potions of flight {unknown}
 k - a potion of brilliance {unknown}
 o - a potion of heal wounds {unknown}
Comestibles
 f - a ration
 n - 2 chunks of flesh


   Skills:
 - Level 1.0 Fighting
 - Level 1.0 Short Blades
 + Level 2.5 Dodging
 + Level 5.3 Stealth
 + Level 5.2 Evocations


You had 4 spell levels left.
You didn't know any spells.
Your spell library contained the following spells:

 Spells                   Type           Power        Failure   Level  Hunger
 Freeze                   Ice            #...         30%         1    ##.....
 Frozen Ramparts          Ice            #.....       67%         3    ####...
 Ozocubu's Armour         Chrm/Ice       #.......     67%         3    ####...
 Hailstorm                Conj/Ice       #.......     97%         4    #####..
 Summon Ice Beast         Ice/Summ       #.......     97%         4    #####..


Dungeon Overview and Level Annotations

Branches:
Dungeon (3/15)

Altars:
Kikubaaqudgha


Innate Abilities, Weirdness & Mutations

You cannot wear most types of armour.
You are very stealthy in the water. (Stealth+)
You are amphibious.
You can wear up to eight rings at the same time.
You can use your tentacles to constrict eight enemies at once.
Your skin changes colour to match your surroundings (Stealth+).
Your rubbery body absorbs attacks. (AC +1, EV +1)


Message History

The kobold throws a stone.
The stone hits you.
* * * LOW HITPOINT WARNING * * *
Evoke which item? (* to show all) (? for menu, Esc to quit)
Aiming: Throw Flame
Press: ? - help, Shift-Dir - straight line, f - kobold
Aim: a kobold, quivering a stone The puff of flame hits the kobold.
You kill the kobold!
Something hits you but does no damage.
You start resting.
An orc wizard appears from thin air!
Reactivating autopickup.
The orc wizard mumbles some strange words.
The orc wizard flickers and vanishes!
Deactivating autopickup; reactivate with Ctrl-A.
Something hits you but does no damage.
Evoke which item? (* to show all) (? for menu, Esc to quit)
Aiming: Enslavement
Press: ? - help, Shift-Dir - straight line, f - you Nothing appears to happen.
Something hits you.
You die...

≈≈P##########......♣.♣.....
≈≈≈.÷.......'.).....♣......
≈≈♣##########..oo..†..(....
≈♣♣ #...)#......... )♣
#...†##........ ≈♣#####
#####..)....### ≈♣....#
#.......... ♣≈....#
##.#...#.##. ♣.....#
#@...#.# # ♣.....# ######.#
♣.....# .. ..##### #+# ..#
..# ..# ..# ..#


There were no monsters in sight!

Vanquished Creatures
  A scorpion (D:2)
  An orc wizard (D:3)
  Jessica (D:2)
  4 adders
  2 worms (D:2)
  2 orcs
  2 ball pythons
  5 goblins
  9 hobgoblins
  6 kobolds
  A bat (D:1)
  A rat (D:1)
35 creatures vanquished.

Vanquished Creatures (collateral kills)
  2 orc wizards (D:3)
  A worm (D:3)
  An orc (D:3)
4 creatures vanquished.

Grand Total: 39 creatures vanquished

Notes
Turn   | Place    | Note
-------+----------+-------------------------------------------
     0 | D:1      | M4edhros the Octopode Artificer began the quest for the
                  | Orb.
     0 | D:1      | Reached XP level 1. HP: 13/13 MP: 3/3
    56 | D:1      | Reached XP level 2. HP: 11/18 MP: 4/4
   173 | D:2      | Noticed a scorpion
   176 | D:2      | Killed a scorpion
   176 | D:2      | Reached XP level 3. HP: 17/23 MP: 4/6
   176 | D:2      | Reached XP level 4. HP: 21/28 MP: 4/7
   178 | D:2      | Noticed Jessica
   187 | D:2      | Killed Jessica
   846 | D:3      | Found an ancient bone altar of Kikubaaqudgha,
   850 | D:3      | Reached XP level 5. HP: 29/33 MP: 8/8
   901 | D:3      | Reached skill level 5 in Evocations
   938 | D:3      | Reached skill level 5 in Stealth
  1189 | D:3      | Found a faded altar of an unknown god,
  1240 | D:3      | Slain by an orc wizard

Levels and vault maps discovered:
D:1:      sevenhm_arrival_forest_fort_large_2, layout_basic,
          chequers_decorated_corner
D:2:      minmay_diamond_boxcup, layout_loops_cross, first_ration,
          minmay_pentomino_z2, uniq_jessica
D:3:      layout_basic, kiku_gazebo_pond_becter,
          chequers_ecumenical_altar_simple_redux, serial_bayou_lake_a

Skill      XL: |  1  2  3  4  5 |
---------------+----------------+-----
Stealth        | 2 4 5 |  5.3
Evocations     | 4 5 |  5.2
Fighting       | |  1.0
Short Blades   | |  1.0
Dodging        | |  2.5

Action                   |  1- 3 |  4- 6 || total
-------------------------+-------+-------++-------
Melee: Short sword       |    21 |    54 ||    75
       Constrict         |     7 |    14 ||    21
       Tentacles         |     4 |    12 ||    16
Evoke: Wand              |     2 |    17 ||    19
 Stab: Sleeping          |       |     4 ||     4
  Eat: Chunk             |       |     1 ||     1
Armor: Skin              |     1 |     3 ||     4
Dodge: Dodged            |    15 |    23 ||    38

Table legend:
 A = Non-vault XP
 B = Vault XP
 C = Vault XP percentage of total XP
 D = Non-vault monster count
 E = Vault monster count
 F = Vault count percentage of total count
                 A         B        C        D         E       F
            +---------+---------+-------+---------+---------+-------
      Total |     247 |      40 |  13.9 |      36 |       3 |   7.7
            +---------+---------+-------+---------+---------+-------
        D:1 |      23 |       0 |   0.0 |      13 |       0 |   0.0
        D:2 |     100 |      40 |  28.6 |       7 |       3 |  30.0
        D:3 |     124 |       0 |   0.0 |      16 |       0 |   0.0
            +---------+---------+-------+---------+---------+-------
